| TOP OF THE 1ST |
|
Tucson Toros batting - Pitching for Hawaii Islanders : LHP Jeff Grose
|
|
Pitching: LHP Jeff Grose
|
|
|
Batting: RHB Talmadge Tanks
|
0-0: Swinging Strike 0-1: Ball 1-1: Foul Ball, location: 2F 1-2: Ball 2-2: Ball 3-2: Base on Balls
|
|
Batting: LHB Juan Bustabad
|
0-0: Ball 1-0: Called Strike 1-1: Ball 2-1: Foul Ball, location: 2F 2-2: Ball 3-2: Fielders Choice at 2nd, 1-6 (Groundball, 34S, EV 64.4 MPH)
|
|
Batting: RHB Kevin McReynolds
|
0-0: Ball 1-0: Foul Ball, location: 2F 1-1: Ball 2-1: Ball 3-1: Base on Balls Juan Bustabad to second
|
|
Batting: LHB Tim Krauss
|
0-0: Ball 1-0: Called Strike 1-1: Called Strike 1-2: Foul Ball, location: 2F 1-2: Ball 2-2: Fly out, F7 (Flyball, 7S, EV 80.6 MPH)
|
|
Batting: SHB Michael Miara
|
0-0: Swinging Strike 0-1: Ball 1-1: Foul Ball, location: 2F 1-2: Strikes out swinging
|
| Top of the 1st over - 0 runs, 0 hits, 0 errors, 2 left on base; Tucson 0 - Hawaii 0 |
| BOTTOM OF THE 1ST |
|
Hawaii Islanders batting - Pitching for Tucson Toros : RHP Alfredo Campos
|
|
Pitching: RHP Alfredo Campos
|
|
|
Batting: LHB Leo Sutherland
|
0-0: Foul Ball, location: 2F 0-1: Ball 1-1: Called Strike 1-2: Strikes out swinging
|
|
Batting: RHB Chris Nyman
|
0-0: Called Strike 0-1: Foul Ball, location: 2F 0-2: Fly out, F8 (Flyball, 8LXD, EV 85.0 MPH)
|
|
Batting: SHB Charles Valley
|
0-0: Ball 1-0: Ball 2-0: Called Strike 2-1: Swinging Strike 2-2: Foul Ball, location: 2F 2-2: Strikes out swinging
|
| Bottom of the 1st over - 0 runs, 0 hits, 0 errors, 0 left on base; Tucson 0 - Hawaii 0 |
| TOP OF THE 2ND |
|
Tucson Toros batting - Pitching for Hawaii Islanders : LHP Jeff Grose
|
|
Batting: LHB Danny Garcia
|
0-0: Foul Ball, location: 2F 0-1: Ball 1-1: Called Strike 1-2: Strikes out swinging
|
|
Batting: LHB Pat Dodson
|
0-0: Ball 1-0: Called Strike 1-1: Foul Ball, location: 2F 1-2: Strikes out looking
|
|
Batting: SHB Kevin King
|
0-0: Ball 1-0: Swinging Strike 1-1: Fly out, F7 (Flyball, 7, EV 95.6 MPH)
|
| Top of the 2nd over - 0 runs, 0 hits, 0 errors, 0 left on base; Tucson 0 - Hawaii 0 |
| BOTTOM OF THE 2ND |
|
Hawaii Islanders batting - Pitching for Tucson Toros : RHP Alfredo Campos
|
|
Batting: LHB Dom Fucci
|
0-0: Ball 1-0: Ball 2-0: Called Strike 2-1: Foul Ball, location: 2F 2-2: Strikes out swinging
|
|
Batting: RHB Joe Strain
|
0-0: Foul Ball, location: 2F 0-1: Fly out, F8 (Flyball, 89D, EV 87.5 MPH)
|
|
Batting: LHB Jerry Willard
|
0-0: Ball 1-0: Ball 2-0: Ball 3-0: Called Strike 3-1: Swinging Strike 3-2: SINGLE (Groundball, 4MD, EV 96.3 MPH)
|
|
Batting: RHB Rob Teegarden
|
0-0: Ball 1-0: Ball 2-0: Called Strike 2-1: Foul Ball, location: 2F 2-2: Foul Ball, location: 2F 2-2: Ball 3-2: Strikes out swinging
|
| Bottom of the 2nd over - 0 runs, 1 hit, 0 errors, 1 left on base; Tucson 0 - Hawaii 0 |
| TOP OF THE 3RD |
|
Tucson Toros batting - Pitching for Hawaii Islanders : LHP Jeff Grose
|
|
Batting: RHB Andy Pasillas
|
0-0: Fly out, F8 (Flyball, 8LXD, EV 85.6 MPH)
|
|
Batting: RHB Talmadge Tanks
|
0-0: Ball 1-0: Fly out, F7 (Flyball, 7, EV 85.6 MPH)
|
|
Batting: LHB Juan Bustabad
|
0-0: Called Strike 0-1: Called Strike 0-2: Ball 1-2: Ball 2-2: Ground out 6-3 (Groundball, 6, EV 86.9 MPH)
|
| Top of the 3rd over - 0 runs, 0 hits, 0 errors, 0 left on base; Tucson 0 - Hawaii 0 |
| BOTTOM OF THE 3RD |
|
Hawaii Islanders batting - Pitching for Tucson Toros : RHP Alfredo Campos
|
|
Batting: SHB Wayne Stone
|
0-0: Ball 1-0: SINGLE (Groundball, 6S, EV 63.8 MPH) (infield hit)
|
|
Batting: RHB Carlos Lezcano
|
0-0: Called Strike 0-1: Fielders Choice at 2nd, 6-4 (Groundball, 6, EV 86.3 MPH)
|
|
Batting: LHB Leo Sutherland
|
0-0: Ball Carlos Lezcano steals 2nd base 1-0: Called Strike 1-1: Foul Ball, location: 2F 1-2: Ground out 5-3 (Groundball, 5, EV 81.9 MPH)
|
|
Batting: RHB Chris Nyman
|
0-0: Fly out, F8 (Flyball, 89D, EV 96.3 MPH)
|
| Bottom of the 3rd over - 0 runs, 1 hit, 0 errors, 1 left on base; Tucson 0 - Hawaii 0 |
| TOP OF THE 4TH |
|
Tucson Toros batting - Pitching for Hawaii Islanders : LHP Jeff Grose
|
|
Batting: RHB Kevin McReynolds
|
0-0: Ball 1-0: Ball 2-0: Called Strike 2-1: Foul Ball, location: 2F 2-2: Strikes out swinging
|
|
Batting: LHB Tim Krauss
|
0-0: Called Strike 0-1: Ball 1-1: Ball 2-1: DOUBLE (Flyball, 78D, EV 101.3 MPH)
|
|
Batting: SHB Michael Miara
|
0-0: Ball 1-0: Swinging Strike 1-1: Ball 2-1: Foul Ball, location: 2F 2-2: Strikes out looking
|
|
Batting: LHB Danny Garcia
|
0-0: Ball 1-0: Ball 2-0: Ball 3-0: Base on Balls
|
|
Batting: LHB Pat Dodson
|
0-0: Ball 1-0: Ball 2-0: Ball 3-0: Base on Balls Tim Krauss to third Danny Garcia to second
|
|
Batting: SHB Kevin King
|
0-0: Ball 1-0: Foul Ball, location: 2F 1-1: Swinging Strike 1-2: Ball 2-2: Ball 3-2: Base on Balls Tim Krauss scores Danny Garcia to third Pat Dodson to second
|
|
Batting: RHB Andy Pasillas
|
0-0: Ball 1-0: Fly out, F8 (Flyball, 8RS, EV 90.0 MPH)
|
| Top of the 4th over - 1 run, 1 hit, 0 errors, 3 left on base; Tucson 1 - Hawaii 0 |
| BOTTOM OF THE 4TH |
|
Hawaii Islanders batting - Pitching for Tucson Toros : RHP Alfredo Campos
|
|
Batting: SHB Charles Valley
|
0-0: Called Strike 0-1: Ball 1-1: Foul Ball, location: 2F 1-2: Ball 2-2: DOUBLE (Flyball, 8RXD, EV 106.3 MPH)
|
|
Batting: LHB Dom Fucci
|
0-0: Ball 1-0: Called Strike 1-1: Fly out, F5 (Popup, 5, EV 56.9 MPH)
|
|
Batting: RHB Joe Strain
|
0-0: Swinging Strike 0-1: Ball 1-1: Foul Ball, location: 2F 1-2: Ball 2-2: Ground out 6-3 (Groundball, 6, EV 78.1 MPH)
|
|
Batting: LHB Jerry Willard
|
0-0: Called Strike 0-1: Ball Passed Ball! Charles Valley to third 1-1: Ball 2-1: Fly out, F7 (Line Drive, 7, EV 92.5 MPH)
|
| Bottom of the 4th over - 0 runs, 1 hit, 0 errors, 1 left on base; Tucson 1 - Hawaii 0 |
| TOP OF THE 5TH |
|
Tucson Toros batting - Pitching for Hawaii Islanders : LHP Jeff Grose
|
|
Batting: RHB Talmadge Tanks
|
0-0: Called Strike 0-1: Swinging Strike 0-2: Ball 1-2: Strikes out swinging
|
|
Batting: LHB Juan Bustabad
|
0-0: Ball 1-0: Ball 2-0: Ground out 4-3 (Groundball, 4, EV 87.5 MPH)
|
|
Batting: RHB Kevin McReynolds
|
0-0: Fly out, F4 (Popup, 4MS, EV 67.5 MPH)
|
| Top of the 5th over - 0 runs, 0 hits, 0 errors, 0 left on base; Tucson 1 - Hawaii 0 |
| BOTTOM OF THE 5TH |
|
Hawaii Islanders batting - Pitching for Tucson Toros : RHP Alfredo Campos
|
|
Batting: RHB Rob Teegarden
|
0-0: Bunt missed! 0-1: Foul Ball, location: 2F 0-2: Ball 1-2: Fly out, F9 (Flyball, 9D, EV 109.4 MPH)
|
|
Batting: SHB Wayne Stone
|
0-0: Ball 1-0: Called Strike 1-1: Ball 2-1: Ground out 4-3 (Groundball, 4, EV 85.6 MPH)
|
|
Batting: RHB Carlos Lezcano
|
0-0: SINGLE (Line Drive, 89S, EV 103.8 MPH)
|
|
Batting: LHB Leo Sutherland
|
0-0: Ball 1-0: Ball 2-0: Called Strike 2-1: Ball 3-1: SINGLE (Line Drive, 89S, EV 111.9 MPH) Carlos Lezcano to second
|
|
Batting: RHB Chris Nyman
|
0-0: Hit by Pitch Carlos Lezcano to third Leo Sutherland to second
|
|
Batting: SHB Charles Valley
|
0-0: Foul Ball, location: 2F 0-1: Ball 1-1: Ball 2-1: Foul Ball, location: 2F 2-2: Foul Ball, location: 2F 2-2: Ball 3-2: Fly out, F9 (Flyball, 9S, EV 81.9 MPH)
|
| Bottom of the 5th over - 0 runs, 2 hits, 0 errors, 3 left on base; Tucson 1 - Hawaii 0 |
| TOP OF THE 6TH |
|
Tucson Toros batting - Pitching for Hawaii Islanders : LHP Jeff Grose
|
|
Batting: LHB Tim Krauss
|
0-0: Ball 1-0: Foul Ball, location: 2F 1-1: Ball 2-1: Ball 3-1: Base on Balls
|
|
Batting: SHB Michael Miara
|
0-0: Called Strike 0-1: Ground out 5-3 (Groundball, 56S, EV 68.8 MPH) Tim Krauss to second
|
|
Batting: LHB Danny Garcia
|
0-0: Called Strike 0-1: Fly out, F8 (Flyball, 8RM, EV 81.3 MPH)
|
|
Batting: LHB Pat Dodson
|
0-0: Called Strike 0-1: Foul Ball, location: 2F 0-2: Ball 1-2: Ball 2-2: Foul Ball, location: 2F 2-2: Hit by Pitch
|
|
Batting: SHB Kevin King
|
0-0: Swinging Strike 0-1: Ball 1-1: Swinging Strike 1-2: Foul Ball, location: 2F 1-2: Ball Wild Pitch! Tim Krauss to third Pat Dodson to second 2-2: Strikes out swinging
|
| Top of the 6th over - 0 runs, 0 hits, 0 errors, 2 left on base; Tucson 1 - Hawaii 0 |
| BOTTOM OF THE 6TH |
|
Hawaii Islanders batting - Pitching for Tucson Toros : RHP Alfredo Campos
|
|
Batting: LHB Dom Fucci
|
0-0: Foul Ball, location: 2F 0-1: Ball 1-1: SINGLE (Groundball, 56D, EV 98.8 MPH)
|
|
Batting: RHB Joe Strain
|
0-0: Ball 1-0: Called Strike 1-1: Ball Dom Fucci steals 2nd base 2-1: Fly out, F8 (Flyball, 78D, EV 96.9 MPH) Runner from 2nd tags up, SAFE at 3rd with throw by CF
|
|
Batting: LHB Jerry Willard
|
0-0: Ball 1-0: Ball 2-0: Ground out 5-3 (Groundball, 5, EV 86.3 MPH)
|
|
Batting: RHB Rob Teegarden
|
0-0: Ground out 5-3 (Groundball, 5S, EV 87.5 MPH)
|
| Bottom of the 6th over - 0 runs, 1 hit, 0 errors, 1 left on base; Tucson 1 - Hawaii 0 |
| TOP OF THE 7TH |
|
Tucson Toros batting - Pitching for Hawaii Islanders : LHP Jeff Grose
|
|
Batting: RHB Andy Pasillas
|
0-0: Ball 1-0: Ball 2-0: Ball 3-0: Base on Balls
|
|
Batting: RHB Talmadge Tanks
|
0-0: Bunted foul 0-1: Bunt missed! 0-2: Foul Ball, location: 2F 0-2: Ball 1-2: Foul Ball, location: 2F 1-2: Strikes out swinging
|
|
Batting: LHB Juan Bustabad
|
0-0: Ball 1-0: Fielders Choice at 2nd, 6-4 (Groundball, 56, EV 85.0 MPH)
|
|
Batting: RHB Kevin McReynolds
|
0-0: Ball 1-0: Called Strike 1-1: Ball 2-1: Ball Juan Bustabad is caught stealing 2nd base 2-4
|
| Top of the 7th over - 0 runs, 0 hits, 0 errors, 0 left on base; Tucson 1 - Hawaii 0 |
| BOTTOM OF THE 7TH |
|
Hawaii Islanders batting - Pitching for Tucson Toros : RHP Alfredo Campos
|
|
Batting: SHB Wayne Stone
|
0-0: Called Strike 0-1: Ground out U3 (Groundball, 3, EV 109.4 MPH)
|
|
Batting: RHB Carlos Lezcano
|
0-0: Called Strike 0-1: Ball 1-1: Fly out, F6 (Popup, 6D, EV 55.0 MPH)
|
|
Batting: LHB Leo Sutherland
|
0-0: Ball 1-0: Ball 2-0: Foul Ball, location: 2F 2-1: Ball 3-1: Foul Ball, location: 2F 3-2: Base on Balls
|
|
Pitching: LHP Jerry O'Neill
|
|
|
Batting: RHB Chris Nyman
|
0-0: Foul Ball, location: 2F 0-1: Swinging Strike 0-2: Ball 1-2: Foul Ball, location: 2F 1-2: Foul Ball, location: 2F 1-2: Ball 2-2: Foul Ball, location: 2F 2-2: Fly out, F8 (Flyball, 8RXD, EV 105.6 MPH)
|
| Bottom of the 7th over - 0 runs, 0 hits, 0 errors, 1 left on base; Tucson 1 - Hawaii 0 |
| TOP OF THE 8TH |
|
Tucson Toros batting - Pitching for Hawaii Islanders : LHP Jeff Grose
|
|
Batting: RHB Kevin McReynolds
|
0-0: Ball 1-0: Ball 2-0: Foul Ball, location: 2F 2-1: Foul Ball, location: 2F 2-2: Fly out, F8 (Flyball, 78D, EV 86.9 MPH)
|
|
Batting: LHB Tim Krauss
|
0-0: Ball 1-0: Ground out U3 (Groundball, 34, EV 107.5 MPH)
|
|
Batting: SHB Michael Miara
|
0-0: Ball 1-0: Foul Ball, location: 2F 1-1: SOLO HOME RUN (Flyball, 7LD, EV 91.9 MPH), Distance : 341 ft
|
|
Pitching: RHP John Butcher
|
|
|
Batting: LHB Danny Garcia
|
0-0: Foul Ball, location: 2F 0-1: Fly out, F9 (Line Drive, 9D, EV 94.4 MPH)
|
| Top of the 8th over - 1 run, 1 hit, 0 errors, 0 left on base; Tucson 2 - Hawaii 0 |
| BOTTOM OF THE 8TH |
|
Hawaii Islanders batting - Pitching for Tucson Toros : LHP Jerry O'Neill
|
|
Batting: SHB Charles Valley
|
0-0: Ball 1-0: Ball 2-0: Ground out 3-1 (Groundball, 34, EV 101.3 MPH)
|
|
Batting: LHB Dom Fucci
|
0-0: Foul Ball, location: 2F 0-1: Called Strike 0-2: Ball 1-2: Strikes out swinging
|
|
Batting: RHB Joe Strain
|
0-0: Ball 1-0: Reached on error, E6 (Groundball, 6, EV 88.1 MPH)
|
|
Batting: LHB Jerry Willard
|
Pickoff Throw to First - Error! E1 Joe Strain to second 0-0: Called Strike 0-1: Swinging Strike 0-2: Ball 1-2: SINGLE (Groundball, 4D, EV 103.1 MPH) Joe Strain to third Runner from 3rd tries for Home, SAFE, throw by RF to home
|
|
Batting: RHB Rob Teegarden
|
0-0: Foul Ball, location: 2F 0-1: Ball 1-1: Fielders Choice at 2nd, 6-4 (Groundball, 6, EV 102.5 MPH)
|
| Bottom of the 8th over - 1 run, 1 hit, 2 errors, 1 left on base; Tucson 2 - Hawaii 1 |
| TOP OF THE 9TH |
|
Tucson Toros batting - Pitching for Hawaii Islanders : RHP John Butcher
|
|
Pitching: LHP Richard Broas
|
|
|
Batting: LHB Pat Dodson
|
0-0: Called Strike 0-1: DOUBLE (Line Drive, 7LD, EV 102.5 MPH)
|
|
Batting: SHB Kevin King
|
0-0: Ball 1-0: Swinging Strike 1-1: Ball 2-1: Ball 3-1: Ground out 5-3 (Groundball, 5, EV 90.6 MPH)
|
|
Batting: RHB Andy Pasillas
|
0-0: Swinging Strike 0-1: Ball 1-1: Foul Ball, location: 2F 1-2: Ground out 5-3 (Groundball, 56S, EV 69.4 MPH) Pat Dodson to third
|
|
Batting: RHB Talmadge Tanks
|
0-0: Foul Ball, location: 2F 0-1: Foul Ball, location: 2F 0-2: Fly out, F4 (Flyball, 34D, EV 84.4 MPH)
|
| Top of the 9th over - 0 runs, 1 hit, 0 errors, 1 left on base; Tucson 2 - Hawaii 1 |
| BOTTOM OF THE 9TH |
|
Hawaii Islanders batting - Pitching for Tucson Toros : LHP Jerry O'Neill
|
|
Pitching: RHP Mike Morgan
|
|
|
Pinch Hitting: LHB Paul Tomini
|
0-0: Fly out, F7 (Flyball, 7D, EV 90.6 MPH)
|
|
Pinch Hitting: LHB Creighton Tevlin
|
0-0: Foul Ball, location: 2F 0-1: Swinging Strike 0-2: Ball 1-2: Foul Ball, location: 2F 1-2: Ball 2-2: Foul Ball, location: 2F 2-2: Ball 3-2: Base on Balls
|
|
Batting: LHB Leo Sutherland
|
0-0: Fly out, F9 (Flyball, 9S, EV 93.8 MPH)
|
|
Batting: LHB Geno Petralli
|
0-0: Foul Ball, location: 2F 0-1: Called Strike 0-2: Ball 1-2: Ball 2-2: Foul Ball, location: 2F 2-2: Ball 3-2: Fly out, F9 (Line Drive, 9, EV 97.5 MPH)
|
| Bottom of the 9th over - 0 runs, 0 hits, 0 errors, 1 left on base; Tucson 2 - Hawaii 1 |
|